 Dungeon Crawl Stone Soup version 0.24.0-13-gcf9b319 (webtiles) character file.

Game seed: 17860429064437759236, levelgen mode: deterministic

36798 DarkinPup the Fighter (level 13, -15/107 HPs)
             Began as a Demonspawn Fighter on Nov 19, 2019.
             Was the Champion of Okawaru.
             Killed from afar by a lindwurm (32 damage)
             ... with a blast of flame
             ... on level 5 of the Lair of Beasts on Nov 22, 2019.
             The game lasted 00:57:34 (14996 turns).

DarkinPup the Fighter (Demonspawn Fighter)         Turns: 14996, Time: 00:57:34

Health: -15/107    AC: 23    Str: 28    XL:     13   Next: 54%
Magic:  0/19       EV: 20    Int: 17    God:    Okawaru [******]
Gold:   730        SH: 29    Dex: 15    Spells: 15/18 levels left

rFire    . . .     SeeInvis .   a - +10 hand axe "Hulk" {venom, rC+ MR- Stlth+}
rCold    + + +     Gourm    .   T - +9 large shield of Magic {rC+ rCorr Str+6}
rNeg     . . .     Faith    .   e - +5 ring mail of the Salmon {Int+6}
rPois    .         Spirit   +   (helmet unavailable)
rElec    .         Reflect  .   c - +0 cloak
rCorr    +         Harm     .   g - +0 pair of gloves
MR       .....                  b - +2 pair of boots
Stlth    +++.......             (no amulet)
HPRegen  0.27/turn              S - +2 ring of protection
MPRegen  0.16/turn              W - +3 ring of evasion

@: heroism
A: hooves 1, horns 3, molten scales 1, agile 1, cold resistance 1, powered by
pain 2, strong 1, magic shield
a: Heroism, Finesse, Renounce Religion


You were on level 5 of the Lair of Beasts.
You worshipped Okawaru.
Okawaru was exalted by your worship.
You were not hungry.

You visited 3 branches of the dungeon, and saw 18 of its levels.

You collected 986 gold pieces.
You spent 256 gold pieces at shops.

Inventory:

Hand Weapons
 a - the +10 hand axe "Hulk" (weapon) {venom, rC+ MR- Stlth+}
   (Okawaru gifted it to you on level 1 of the Lair of Beasts)

   It poisons the flesh of those it strikes.
   It protects you from cold.
   It affects your resistance to hostile enchantments.
   It makes you more stealthy.
 x - a +2 hand axe of flaming
 P - a +2 war axe of chopping
 R - a +1 broad axe of venom
Missiles
 K - 10 curare-tipped darts (quivered)
Armour
 b - a +2 pair of boots (worn)
 c - a +0 cloak (worn)
 e - the +5 ring mail of the Salmon (worn) {Int+6}
   (You found it on level 4 of the Dungeon)

   It affects your intelligence (+6).
 g - a +0 pair of gloves (worn)
 r - a +4 ring mail of cold resistance
 C - the +4 shield "Cuemyddi" {rElec}
   (Okawaru gifted it to you on level 2 of the Lair of Beasts)

   It insulates you from electricity.
 G - a +2 leather armour of magic resistance
 T - the +9 large shield of Magic (worn) {rC+ rCorr Str+6}
   (You bought it in a shop on level 12 of the Dungeon)

   It affects your strength (+6).
   It protects you from cold.
   It provides partial protection from all sources of acid and corrosion.
 Y - a +3 chain mail
Jewellery
 D - an uncursed ring of fire
 F - an uncursed ring of flight
 J - the ring "Moeluze" {rF+ rN+ Dex+3 Stlth+}
   (You took it off an orc wizard on level 8 of the Dungeon)

   [ring of positive energy]

   It affects your dexterity (+3).
   It protects you from fire.
   It protects you from negative energy.
   It makes you more stealthy.
 M - a +5 ring of intelligence
 Q - an uncursed ring of wizardry
 S - a +2 ring of protection (left hand)
 W - a +3 ring of evasion (right hand)
 Z - an uncursed ring of wizardry
Wands
 t - a wand of paralysis (7)
 A - a wand of polymorph (14)
 E - a wand of enslavement (6)
 I - a wand of flame (43)
 X - a wand of digging (5)
Scrolls
 h - 7 scrolls of identify
 j - 6 scrolls of fear {unknown}
 k - a scroll of enchant armour
 l - 7 scrolls of teleportation
 n - 3 scrolls of magic mapping {unknown}
 q - 5 scrolls of remove curse
 s - a scroll of fog {unknown}
 y - 2 scrolls of immolation {unknown}
 z - 2 scrolls of noise {unknown}
 H - a scroll of torment {unknown}
 N - a scroll of enchant weapon {unknown}
 O - 4 scrolls of amnesia {unknown}
 V - 2 scrolls of holy word {unknown}
Potions
 d - 4 potions of might
 i - 3 potions of brilliance
 m - 4 potions of resistance
 o - 4 potions of agility
 p - a potion of mutation
 u - 4 potions of lignification
 v - 2 potions of magic
 w - 4 potions of curing
 B - 4 potions of flight {unknown}
 L - 2 potions of cancellation {unknown}
 U - a potion of haste {unknown}
Comestibles
 f - 28 rations


   Skills:
 * Level 11.8(16.8) Fighting
 * Level 10.7(15.7) Axes
 + Level 8.5(13.5) Armour
 + Level 7.5(12.5) Dodging
 + Level 7.5(12.5) Shields
 - Level 3.1 Spellcasting
 - Level 2.8 Hexes
 + Level 8.8 Invocations
 + Level 5.4 Evocations


You had 15 spell levels left.
You knew the following spells:

 Your Spells              Type           Power        Failure   Level  Hunger
a - Confusing Touch       Hex            ##....       34%         1    None
b - Slow                  Hex            ##......     47%         2    ##.....

Your spell library contained the following spells:

 Spells                   Type           Power        Failure   Level  Hunger
 Confuse                  Hex            ##......     71%         3    ###....
 Magic Dart               Conj           #...         75%         1    None
 Summon Small Mammal      Summ           #...         75%         1    None
 Blink                    Tloc           N/A          86%         2    ##.....
 Call Imp                 Summ           #.......     86%         2    ##.....
 Poisonous Vapours        Pois/Air       #.....       86%         2    ##.....
 Summon Guardian Golem    Hex/Summ       #.......     88%         3    ###....
 Call Canine Familiar     Summ           #.......     98%         3    ###....
 Conjure Flame            Conj/Fire      #.......     98%         3    ###....
 Gell's Gravitas          Tloc           #.........   98%         3    ###....
 Mephitic Cloud           Conj/Pois/Air  #.......     98%         3    ###....
 Petrify                  Tmut/Erth      #.......     100%        4    ####...
 Summon Ice Beast         Ice/Summ       #.......     100%        4    ####...
 Summon Lightning Spire   Summ/Air       #.......     100%        4    ####...
 Metabolic Englaciation   Hex/Ice        #.........   100%        5    ######.
 Yara's Violent Unravell  Hex/Tmut       #.........   100%        5    ######.
 Freezing Cloud           Conj/Ice/Air   #.........   100%        6    #######
 Ring of Flames           Chrm/Fire      #.........   100%        7    #######


Dungeon Overview and Level Annotations

Branches:
Dungeon (12/15)            Temple (1/1) D:6            Lair (5/6) D:10
  Swamp (0/4) Lair:3        Snake (0/4) Lair:3          Orc (0/2) D:10
  Slime: Lair:5-6

Altars:
Ashenzari
Cheibriados
Dithmenos
Elyvilon
Fedhas
Gozag
Hepliaklqana
Kikubaaqudgha
Makhleb
Nemelex Xobeh
Okawaru
Qazlal
Ru
Sif Muna
Vehumet
Wu Jian
Xom
Yredelemnul
The Shining One

Shops:
D:4 *   D:12 [

Annotations:
D:3 4 runed translucent doors, Crazy Yiuf; Zdeegee's ghost, amateur DsAs
Lair:5 Nessos


Innate Abilities, Weirdness & Mutations

You have a pair of large horns on your head.
You are partially covered in molten scales. (AC +2)
Your flesh is cold resistant. (rC+)
You sometimes gain power by taking damage.
When hurt, damage is shared between your health and your magic reserves.
You have large cloven feet.
You are agile. (Dex +2)
Your muscles are strong. (Str +2)


Message History

The yak is almost dead.
You slash the yak!
You kill the yak!
Okawaru accepts your kill.
You slash the lindwurm!
The lindwurm is poisoned.
The lindwurm is lightly wounded.
The lindwurm breathes flames at you.
The blast of flame hits you but does no damage.
You hit the lindwurm but do no damage.
The lindwurm looks as sick as possible!
You headbutt the lindwurm!
The lindwurm is moderately wounded.
You slice the lindwurm!!
The lindwurm looks as sick as possible!
The lindwurm is severely wounded.
The lindwurm closely misses you. The lindwurm misses you.
The lindwurm claws you but does no damage.
You hit the lindwurm but do no damage.
The lindwurm is severely wounded.
The lindwurm breathes flames at you. The blast of flame hits you!!!
You die...

.# .. .....P.. .#
... #...[.. . .#
.... ##..... .. .###
....##.....#. .#.#
.....#...... ...
......#...## ##.##
.......Y...####@..#
..........##..k#.##
.................P#
................P.#
.................##
..................#
...........P......#
...............$.#.#
..................##


You could see a lindwurm.

Vanquished Creatures
  A spark wasp (Lair:2)
  Erolcha (D:9)
  5 hydras
  Erica (D:8)
  7 death yaks
  Sonja (Lair:3)
  The ghost of talyn the Shooter, a novice CeFi of Wu Jian (D:7)
  An unseen horror (D:11)
  2 oklob plants (Lair:2)
  An ugly thing (D:10)
  2 cyclopes (D:11)
  Maurice (D:8)
  2 black mambas
  Joseph (D:8)
  9 spiny frogs
  2 gargoyles
  A rime drake (Lair:4)
  2 komodo dragons
  A troll (D:9)
  A hornet (D:9)
  Prince Ribbit (D:6)
  Grinder (D:3)
  15 blink frogs
  6 hippogriffs
  30 yaks
  A hungry ghost (D:10)
  A basilisk (Lair:3)
  5 nagas (Lair:3)
  8 water moccasins
  9 porcupines
  Duvessa (D:6)
  6 orc warriors
  A phantom (D:7)
  An ice beast (D:8)
  6 sky beasts
  A black bear (D:8)
  8 centaurs
  3 ogres
  3 wolves (Lair:3)
  6 crocodiles
  13 bullfrogs
  Blork the orc (D:6)
  A big kobold (D:11)
  Dowan (D:6)
  3 scorpions
  2 killer bees (D:7)
  12 wights
  An electric eel (Lair:3)
  2 bullfrog zombies
  5 crimson imps
  A quasit (D:8)
  2 jellies
  A centaur skeleton (D:7)
  4 hounds
  2 bullfrog skeletons
  3 centaur zombies
  6 orc priests
  13 orc wizards
  An iguana (D:10)
  Ijyb (D:3)
  10 worker ants
  3 hound skeletons
  A worker ant zombie (D:5)
  6 adders
  3 shadow imps
  A white imp (D:6)
  3 oozes
  An adder zombie (D:8)
  3 adder skeletons
  2 worms
  2 dart slugs
  6 leopard geckos
  27 orcs
  6 giant cockroaches
  2 goblins
  6 hobgoblins
  6 jackals
  2 quokkas
  2 ball pythons
  9 bats
  7 frilled lizards
  A jackal skeleton (D:8)
  11 kobolds
  A leopard gecko skeleton (D:6)
  7 rats
  A spectral orc (D:3)
  3 plants (Lair:2)
363 creatures vanquished.

Vanquished Creatures (collateral kills)
  4 killer bees (D:7)
4 creatures vanquished.

Grand Total: 367 creatures vanquished

Notes
Turn   | Place    | Note
-------+----------+-------------------------------------------
     0 | D:1      | DarkinPup the Demonspawn Fighter began the quest for the
                  | Orb.
     0 | D:1      | Reached XP level 1. HP: 18/18 MP: 1/1
   918 | D:2      | Gained mutation: You have a pair of small horns on your
                  | head. [demonic ancestry]
   918 | D:2      | Reached XP level 2. HP: 24/24 MP: 2/2
  1122 | D:2      | Found a burning altar of Makhleb.
  1269 | D:2      | Reached skill level 1 in Dodging
  1269 | D:2      | Gained mutation: You are partially covered in molten
                  | scales. (AC +2) [demonic ancestry]
  1269 | D:2      | Reached XP level 3. HP: 29/29 MP: 3/3
  1499 | D:2      | Noticed an Executioner
  1502 | D:2      | Noticed a smoke demon
  1502 | D:2      | Noticed a ynoxinul
  1710 | D:3      | Found a runed translucent door.
  1711 | D:3      | Noticed Crazy Yiuf
  1866 | D:3      | Noticed Grinder
  1872 | D:3      | Paralysed by Grinder for 4 turns
  1885 | D:3      | Paralysed by Grinder for 3 turns
  1896 | D:3      | Paralysed by Grinder for 4 turns
  1904 | D:3      | Paralysed by Grinder for 2 turns
  1910 | D:3      | Killed Grinder
  1910 | D:3      | Reached skill level 4 in Fighting
  1910 | D:3      | Reached XP level 4. HP: 5/37 MP: 4/4
  1910 | D:3      | Gained mutation: You have a pair of horns on your head.
                  | [demonic ancestry]
  1910 | D:3      | Reached XP level 5. HP: 6/42 MP: 5/5
  2010 | D:3      | Noticed Zdeegee's ghost (amateur DsAs)
  2070 | D:3      | Found a runed translucent gate.
  2070 | D:3      | Found a runed translucent gate.
  2070 | D:3      | Found a runed translucent gate.
  2272 | D:3      | Found a basalt altar of Yredelemnul.
  2358 | D:3      | Gained mutation: When hurt, damage is shared between your
                  | health and your magic reserves. [demonic ancestry]
  2358 | D:3      | Reached XP level 6. HP: 43/48 MP: 6/6
  2506 | D:3      | Noticed Ijyb
  2524 | D:3      | Killed Ijyb
  2941 | D:4      | Got a bloodstained ring mail
  2952 | D:4      | Identified the +5 ring mail of the Salmon {Int+6} (You
                  | found it on level 4 of the Dungeon)
  3117 | D:4      | Gained mutation: You have a pair of large horns on your
                  | head. [demonic ancestry]
  3117 | D:4      | Reached XP level 7. HP: 40/55 MP: 7/7
  3134 | D:4      | Found Nepuceh's General Store.
  3335 | D:4      | Found a snail-covered altar of Cheibriados.
  3335 | D:4      | Found a stormy altar of Qazlal.
  3335 | D:4      | Found a shimmering altar of Xom.
  3537 | D:5      | Entered Level 5 of the Dungeon
  3588 | D:5      | Got a silken robe
  3599 | D:5      | Identified the +2 robe of Card Tricks {Dex+4} (You found it
                  | on level 5 of the Dungeon)
  3753 | D:5      | Reached skill level 5 in Fighting
  4255 | D:6      | Found a staircase to the Ecumenical Temple.
  4268 | D:6      | Noticed Blork the orc
  4275 | Temple   | Entered the Ecumenical Temple
  4321 | Temple   | Became a worshipper of Warmaster Okawaru
  4339 | D:6      | Killed Blork the orc
  4339 | D:6      | Gained mutation: You sometimes gain a little power by
                  | taking damage. [demonic ancestry]
  4339 | D:6      | Reached XP level 8. HP: 63/63 MP: 8/8
  4430 | D:6      | Reached * piety under Okawaru
  4430 | D:6      | Reached skill level 6 in Fighting
  4430 | D:6      | Reached skill level 5 in Axes
  4459 | D:6      | Noticed Dowan
  4469 | D:6      | Noticed Duvessa
  4487 | D:6      | Killed Duvessa
  4492 | D:6      | Killed Dowan
  4660 | D:6      | Noticed Prince Ribbit
  4680 | D:6      | Killed Prince Ribbit
  4680 | D:6      | Reached skill level 5 in Dodging
  4975 | D:6      | Found an ornate altar of the Wu Jian Council.
  5100 | D:7      | Gained mutation: You sometimes gain power by taking damage.
                  | [demonic ancestry]
  5100 | D:7      | Reached XP level 9. HP: 66/71 MP: 7/9
  5337 | D:7      | Reached ** piety under Okawaru
  5354 | D:7      | Found a large runed translucent door.
  5354 | D:7      | Found a large runed translucent door.
  5355 | D:7      | Noticed talyn's ghost (novice CeFi)
  5407 | D:7      | Reached skill level 7 in Fighting
  5412 | D:7      | Found a shimmering blue altar of Sif Muna.
  5632 | D:7      | Reached skill level 5 in Armour
  6154 | D:7      | Killed talyn's ghost
  6154 | D:7      | Reached *** piety under Okawaru
  6154 | D:7      | Reached skill level 5 in Shields
  6154 | D:7      | Reached skill level 1 in Invocations
  6154 | D:7      | Reached skill level 1 in Evocations
  6201 | D:8      | Noticed Erica
  6297 | D:8      | Killed Erica
  6297 | D:8      | Reached XP level 10. HP: 33/80 MP: 7/11
  6528 | D:8      | Reached **** piety under Okawaru
  6683 | D:8      | Noticed Joseph
  6694 | D:8      | Killed Joseph
  6694 | D:8      | Received a gift from Okawaru
  6694 | D:8      | Reached skill level 8 in Fighting
  6757 | D:8      | Identified the ring "Moeluze" {rF+ rN+ Dex+3 Stlth+}
  7167 | D:8      | Found a glowing golden altar of the Shining One.
  7537 | D:8      | Noticed Maurice
  7874 | D:9      | Paralysed by a hornet for 1 turns
  8174 | D:8      | Killed Maurice
  8174 | D:8      | Received a gift from Okawaru
  8234 | D:9      | Noticed Erolcha
  8415 | D:9      | Killed Erolcha
  9012 | D:10     | Entered Level 10 of the Dungeon
  9123 | D:10     | Noticed a gargoyle
  9137 | D:10     | Killed a gargoyle
  9137 | D:10     | Reached ***** piety under Okawaru
  9137 | D:10     | Reached XP level 11. HP: 64/87 MP: 12/14
  9189 | D:10     | Found a staircase to the Orcish Mines.
  9253 | D:10     | Noticed a death yak
  9255 | D:10     | Noticed a death yak
  9255 | D:10     | Noticed a death yak
  9268 | D:10     | Noticed a death yak
  9270 | D:10     | Killed a death yak
  9270 | D:10     | Reached skill level 9 in Fighting
  9278 | D:10     | Killed a death yak
  9279 | D:10     | Noticed a death yak
  9279 | D:10     | Noticed a purple ugly thing
  9282 | D:10     | Noticed a death yak
  9503 | D:10     | Reached skill level 5 in Invocations
  9574 | D:10     | Found a staircase to the Lair.
  9597 | D:10     | Killed a purple ugly thing
  9608 | D:10     | Killed a death yak
  9608 | D:10     | Received a gift from Okawaru
  9618 | D:10     | Killed a death yak
  9636 | D:10     | Killed a death yak
  9644 | D:10     | Killed a death yak
 10094 | D:10     | Got an ichor-stained shortbow
 10100 | D:10     | Identified the +5 shortbow "Ygenu" {venom, +Inv Int+2
                  | Dex+5} (You found it on level 10 of the Dungeon)
 10357 | D:11     | Noticed a seven-headed hydra
 10360 | D:11     | Learned a level 1 spell: Confusing Touch
 10363 | D:11     | Learned a level 2 spell: Slow
 10372 | D:11     | Killed a 14-headed hydra
 10372 | D:11     | Reached skill level 10 in Fighting
 10577 | D:11     | Received a gift from Okawaru
 10611 | D:11     | Reached skill level 1 in Spellcasting
 10675 | D:11     | Gained mutation: Your flesh is cold resistant. (rC+)
                  | [demonic ancestry]
 10675 | D:11     | Reached XP level 12. HP: 63/97 MP: 13/16
 11000 | D:12     | Found Uniqyh Okho's Antique Armour Emporium.
 11063 | D:12     | Bought a shimmering large shield for 256 gold pieces
 11073 | D:12     | Identified the +9 large shield of Magic {rC+ rCorr Str+6}
                  | (You bought it in a shop on level 12 of the Dungeon)
 11138 | Lair:1   | Entered Level 1 of the Lair of Beasts
 11175 | Lair:1   | Noticed an eight-headed hydra
 11188 | Lair:1   | Killed a 13-headed hydra
 11537 | Lair:1   | Reached skill level 1 in Hexes
 11747 | Lair:1   | Received a gift from Okawaru
 11748 | Lair:1   | Got a scorched hand axe {god gift}
 11749 | Lair:1   | Identified the +10 hand axe "Hulk" {venom, rC+ MR- Stlth+}
                  | (Okawaru gifted it to you on level 1 of the Lair of Beasts)
 12268 | Lair:2   | Noticed a five-headed hydra
 12466 | Lair:2   | Gained mutation: Scrolls take you a little longer to read.
                  | [potion of mutation]
 12466 | Lair:2   | Gained mutation: You have sharp toenails. [potion of
                  | mutation]
 12466 | Lair:2   | Gained mutation: You are resistant to electric shocks.
                  | (rElec) [potion of mutation]
 12467 | Lair:2   | Lost mutation: Scrolls take you a little longer to read.
                  | [potion of mutation]
 12467 | Lair:2   | Lost mutation: You are resistant to electric shocks.
                  | (rElec) [potion of mutation]
 12467 | Lair:2   | Lost mutation: You have sharp toenails. [potion of
                  | mutation]
 12467 | Lair:2   | Gained mutation: You have large cloven feet. [potion of
                  | mutation]
 12467 | Lair:2   | Gained mutation: You are agile. (Dex +2) [potion of
                  | mutation]
 12467 | Lair:2   | Gained mutation: You evolve. [potion of mutation]
 12467 | Lair:2   | Gained mutation: Your muscles are strong. (Str +2) [potion
                  | of mutation]
 12537 | Lair:2   | Noticed a seven-headed hydra
 12547 | Lair:2   | Noticed a death yak
 12547 | Lair:2   | a seven-headed hydra changed into a death yak
 12553 | Lair:2   | Killed a death yak
 12679 | Lair:2   | Noticed a spark wasp
 12679 | Lair:2   | a 12-headed hydra changed into a spark wasp
 12686 | Lair:2   | Killed a spark wasp
 12715 | Lair:2   | Reached skill level 11 in Fighting
 12723 | Lair:2   | Reached skill level 10 in Axes
 12750 | Lair:2   | Reached ****** piety under Okawaru
 12858 | Lair:2   | Noticed a four-headed hydra
 12868 | Lair:2   | Killed a one-headed hydra
 12868 | Lair:2   | Received a gift from Okawaru
 12869 | Lair:2   | Got a dazzling shield {god gift}
 12881 | Lair:2   | Identified the +4 shield "Cuemyddi" {rElec} (Okawaru gifted
                  | it to you on level 2 of the Lair of Beasts)
 13264 | Lair:2   | Reached XP level 13. HP: 62/106 MP: 10/19
 13372 | Lair:3   | Noticed Sonja
 13393 | Lair:3   | Killed Sonja
 13501 | Lair:3   | Found a staircase to the Swamp.
 13756 | Lair:3   | Found a staircase to the Snake Pit.
 13762 | Lair:3   | Reached skill level 5 in Evocations
 14957 | Lair:5   | Noticed Nessos
 14972 | Lair:5   | HP: 5/107 [poisoned by Nessos]
 14980 | Lair:5   | Lost mutation: You evolve. [end of evolution]
 14996 | Lair:5   | Killed from afar by a lindwurm

Levels and vault maps discovered:
D:1:      arrival_zaba_pyramid, layout_basic, kennysheep_boxes
D:2:      layout_basic, makhleb_altar_promises_db
D:3:      layout_loops_corners, yredelemnul_forgotten_temple_becter,
          first_ration, gammafunk_ghost_icy, kennysheep_generic_room_6,
          uniq_grinder, uniq_crazy_yiuf_cottage, uniq_ijyb
D:4:      layout_cave_pools, gammafunk_temple_overflow_claw, serial_shops, shop,
          kennysheep_donut
D:5:      layout_gridville
D:6:      layout_basic, lemuel_doored_altar, minmay_temple_entry_mini_moons,
          minmay_fire_ice_demons, uniq_blork_the_orc, uniq_prince_ribbit1,
          uniq_duvessa
D:7:      layout_cave_pools, nicolae_overflow_crystal_walls,
          ebering_ghost_disaster_area, grunt_ogre_cave
D:8:      layout_basic, kennysheep_mini_moat, uniq_erica, uniq_maurice,
          uniq_joseph
D:9:      layout_stronghold, uniq_erolcha
D:10:     layout_loops_ring, dpeg_lair_monsters, david_orc_3
D:11:     layout_long_grid
D:12:     layout_roguey, serial_shops, shop, jiyva_altar_1
Temple:   nicolae_temple_great_sept
Lair:1:   layout_hall_layers, lemuel_fruit_tree
Lair:2:   layout_hall_layers, minmay_lair_oklob_chamber
Lair:3:   layout_regular_city, nicolae_swamp_entry_splash_gauntlet,
          minmay_snake_entry_guardpost_large, minivault_25, minivault_26,
          grunt_megastairs_2, uniq_sonja
Lair:4:   layout_gridlike
Lair:5:   layout_gridlike, minmay_slime_entry_pillars,
          chequers_serial_rivers_micro_c, grunt_megastairs_1, uniq_nessos

Skill      XL: |  1  2  3  4  5  6  7  8  9 10 11 12 13 |
---------------+----------------------------------------+-----
Axes           | 2 3 4 5 6 7 9 10 | 10.7
Dodging        | 1 2 3 4 5 6 7 |  7.5
Fighting       | 4 5 6 7 8 10 11 | 11.8
Armour         | 3 4 5 6 7 8 |  8.5
Shields        | 3 4 5 6 7 |  7.5
Invocations    | 2 4 6 8 |  8.8
Evocations     | 1 3 4 5 |  5.4
Spellcasting   | 1 3 |  3.1
Hexes          | 2 |  2.8

Action                   |  1- 3 |  4- 6 |  7- 9 | 10-12 | 13-15 || total
-------------------------+-------+-------+-------+-------+-------++-------
Melee: War axe           |   117 |    95 |   344 |   598 |       ||  1154
       Headbutt          |    17 |    20 |    68 |   212 |    54 ||   371
       Unarmed           |       |       |       |    32 |       ||    32
       Hand axe          |       |       |       |   121 |   179 ||   300
Throw: Boomerang         |       |       |       |     3 |       ||     3
Invok: Heroism           |       |       |       |     6 |     1 ||     7
Evoke: Wand              |       |       |     1 |     8 |       ||     9
  Use: Potion            |     2 |       |     1 |     3 |     1 ||     7
       Scroll            |       |       |       |    10 |     1 ||    11
 Stab: Sleeping          |       |       |       |     2 |     2 ||     4
       Distracted        |       |       |       |     1 |       ||     1
  Eat: Chunk             |     3 |     4 |     4 |     7 |     4 ||    22
       Ration            |       |       |     3 |     5 |     1 ||     9
Armor: Scale mail        |    64 |    26 |       |       |       ||    90
       Ring mail         |       |    23 |   218 |   301 |    52 ||   594
       Skin              |       |     5 |       |       |       ||     5
Dodge: Dodged            |    38 |    29 |   228 |   370 |    67 ||   732
Block: Shield            |    48 |    58 |   235 |   301 |       ||   642
       Large shield      |       |       |       |   217 |   239 ||   456
